 Dungeon Crawl Stone Soup version 0.32-a0-871-ge202e49faa (webtiles) character file.

Game seed: 14848942925816928290

39 KennySheep the Trooper (level 3, -1/37 HPs)
             Began as an Oni Warper on Mar 29, 2024.
             Slain by an ice beast (10 damage)
             ... on level 3 of the Dungeon.
             The game lasted 00:04:43 (2028 turns).

KennySheep the Trooper (Oni Warper)                 Turns: 2028, Time: 00:04:44

Health: -1/37      AC:  3    Str: 17    XL:     3   Next: 45%
Magic:  7/7        EV:  8    Int: 14    God:
Gold:   93         SH:  0    Dex:  8    Spells: 5/7 levels left

rFire   . . .        a - +0 mace
rCold   . . .        (no shield)
rNeg    . . .        b - +0 robe
rPois   .            (helmet restricted)
rElec   .            (no cloak)
rCorr   .            (gloves unavailable)
SInv    .            (boots unavailable)
Will    .....        (no amulet)
Stlth   +            (no ring)
HPRegen 0.26/turn    (no ring)
MPRegen 0.10/turn

%: no passive effects
@: no status effects
A: large, unfitting armour, horns 1, tough skin 1, double potion healing,
drunken brawling
a: no special abilities


You were on level 3 of the Dungeon.
You visited 1 branch of the dungeon, and saw 3 of its levels.

You collected 93 gold pieces.

Inventory:

Hand Weapons
 a - a +0 mace (weapon)
Missiles
 d - 6 darts of dispersal (quivered)
 h - 3 poisoned darts
Armour
 b - a +0 robe (worn)
Talismans
 l - a granite talisman
Scrolls
 c - a scroll of blinking
 e - a scroll of identify {unknown}
 f - a scroll of fear
 i - a scroll of fog {unknown}
 k - a scroll of butterflies {unknown}
Potions
 g - a potion of curing {unknown}
 j - a potion of magic {unknown}


   Skills:
 + Level 3.3 Fighting
 + Level 2.8 Maces & Flails
 - Level 1.0 Throwing
 - Level 2.1 Dodging
 - Level 2.9 Spellcasting
 - Level 2.9 Translocations
 * Level 0.0 Shapeshifting


You had 5 spell levels left.
You knew the following spells:

 Your Spells              Type           Power      Damage    Failure   Level
a - Blink                 Tloc           20%        N/A       10%         2

Your spell library contained the following spells:

 Spells                   Type           Power      Damage    Failure   Level
 Lesser Beckoning         Tloc           20%        N/A       10%         2
 Teleport Other           Tloc           10%        N/A       19%         3
 Necrotise                Necr           8%         1d4       22%         1
 Jinxbite                 Hex            4%         N/A       32%         2
 Vampiric Draining        Necr           2%         2d6       54%         3
 Maxwell's Portable Pile  Tloc           10%        2d(7-13)  54%         4
 Vhi's Electric Charge    Tloc/Air       12%        N/A       75%         4
 Martyr's Knell           Necr/Summ      2%         N/A       91%         4
 Curse of Agony           Necr           2%         N/A       99%         5
 Yara's Violent Unravell  Hex/Alch       1%         3d3       99%         5
 Enfeeble                 Hex            1%         N/A       100%        7


Dungeon Overview and Level Annotations

Branches:
Dungeon (3/15)

Altars:

Shops:
D:1 !


Innate Abilities, Weirdness & Mutations

You are too large for most types of armour.
You have a pair of small horns on your head.
You have tough skin. (AC +1)
You gain doubled healing and magic from potions.
Whenever you drink a healing potion, you attack all around you.


Message History

There is a stone staircase leading up here.
Things that are here:
a +0 club; a goblin corpse You see here 7 gold pieces.
An ice beast is nearby!
An ice beast is nearby!
You see here 7 gold pieces.
Things that are here:
a +0 club; a goblin corpse
There is a stone staircase leading up here.
Okay, then.
Hit: a) +0 mace
Press: ? - help, Dir - move target, f - you
Okay, then.
You closely miss the ice beast. The ice beast closely misses you.
You hit the ice beast.
The ice beast is lightly wounded.
The ice beast hits you but does no damage.
You barely miss the ice beast. You headbutt the ice beast.
The ice beast is lightly wounded.
The ice beast barely misses you. x2
You hit the ice beast. Your headbutt misses the ice beast.
The ice beast is lightly wounded.
The ice beast barely misses you.
You hit the ice beast but do no damage.
The ice beast is lightly wounded.
The ice beast hits you. The ice beast freezes you!
You closely miss the ice beast. Your headbutt misses the ice beast.
The ice beast is lightly wounded.
The ice beast hits you. The ice beast freezes you!
* * * LOW HITPOINT WARNING * * *
Throw: 7 darts (disperse)
Press: ? - help, Q - select action, (/) - cycle Shift-Dir - straight line, f - ice beast
Aim: an ice beast (lightly wounded, 50% to hit)
You throw a dart of dispersal.
The dart of dispersal barely misses the ice beast.
The ice beast hits you.
* * * LOW HITPOINT WARNING * * *
The ice beast freezes you!
You die...

## .# .# .# .#
.#
############.#
.......<.@Y>.#
###########).#
#.....#
#.#...###
#.......####
#...Y.......
#...........
###...######
#...#####


You could see an ice beast.

Vanquished Creatures
  5 bats
  4 endoplasms
  A giant cockroach (D:2)
  8 goblins
  3 hobgoblins (D:1)
  2 kobolds
  2 quokkas
  5 ball pythons
  A frilled lizard (D:2)
  3 rats
34 creatures vanquished.

Notes
Turn   | Place    | Note
-------+----------+-------------------------------------------
     0 | D:1      | KennySheep the Oni Warper began the quest for the Orb.
     0 | D:1      | Reached XP level 1. HP: 22/22 MP: 3/3
   203 | D:1      | Reached XP level 2. HP: 28/29 MP: 5/5
   248 | D:1      | Reached skill level 3 in Fighting
   697 | D:1      | Found Daus's Distillery.
   852 | D:1      | Learned a level 2 spell: Blink
   864 | D:2      | Reached XP level 3. HP: 37/37 MP: 7/7
  1682 | D:3      | Noticed an ice beast
  2028 | D:3      | Slain by an ice beast

Illustrated notes

Levels and vault maps discovered:
D:1:      giann_bridges, layout_basic, serial_shops,
          nicolae_shop_rolling_square, chequers_arboretum, minmay_misc_feat_tiny
D:2:      layout_basic
D:3:      layout_loops_ring, amcnicky_mini_rare_corridor_liquid

Skill      XL: |  1  2 |
---------------+-------+-----
Fighting       | 3 |  3.3
Maces & Flails | |  2.8
Throwing       | |  1.0
Dodging        | |  2.1
Spellcasting   | |  2.9
Translocations | |  2.9

Action                     || total
---------------------------++-------
  Melee: Mace              ||   113
         Headbutt          ||    17
  Throw: Dart              ||     1
   Cast: Blink             ||     1
    Use: Scroll            ||     1
 Armour: Robe              ||   102
  Dodge: Dodged            ||    64
         Form:             ||     1
         Statue            ||     1

Table legend: (Time is in decaauts)
 A = Elapsed time spent in this place.
 B = Non-inter-level travel time spent in this place.
 C = Inter-level travel time spent in this place.
 D = Time resting spent in this place.
 E = Time spent auto-exploring this place.
 F = Levels seen in this place.
 G = Mean time per level.
                   A        B        C        D        E       F      G
               +--------+--------+--------+--------+--------+-----+--------+
         Total |   2062 |   1980 |     82 |    208 |   1426 |   3 |  687.3 |
       Dungeon |   2062 |   1980 |     82 |    208 |   1426 |   3 |  687.3 |
               +--------+--------+--------+--------+--------+-----+--------+

Top non-repeatable levels by time:
     D:2: 1105 daAuts
     D:1: 872 daAuts
     D:3: 84 daAuts
